Map: [ESL] Cosmic Sapphire

Players

Creature

  • Race: Protoss Protoss
  • Spawn Location: 11:00

Neeb - Winner!

  • Race: Protoss Protoss
  • Spawn Location: 5:00

Event: DreamHack SC2 Masters 2022 Atlanta (Online)

VOD

Have the link to the VOD?

Description

Time

  • Played on: Oct. 8, 2022, 4:13 p.m.
  • Length: 8:56

All games in this series

Show
View Real Time Build Order
Export as new Build Order

Creature Protoss 

Build Orders: Zealot Archon 

Get SALT Encoding   

  12  0:00  Probe  
  13  0:12  Probe  
  14  0:17  Pylon  
  14  0:24  Probe  
  15  0:35  Gateway  
  15  0:36  Probe (Chrono Boost)  
  16  0:46  Probe (Chrono Boost), Assimilator  
  17  0:51  Probe (Chrono Boost)  
  17  0:54  Assimilator  
  18  1:03  Probe (Chrono Boost)  
  19  1:08  Gateway  
  20  1:12  Probe (Chrono Boost)  
  20  1:17  Probe (Chrono Boost)  
  20  1:24  Cybernetics Core  
  21  1:29  Probe  
  22  1:34  Pylon  
  22  1:41  Probe  
  23  1:53  Probe  
  24  2:00  Warp Gate, Stalker x2  
  28  2:08  Pylon  
  28  2:26  Shield Battery  
  28  2:30  Stalker  
  28  2:35  Stalker  
  31  2:53  Nexus  
  31  2:55  Probe  
  32  3:03  Sentry  
  34  3:06  Sentry  
  34  3:07  Pylon  
  34  3:10  Probe  
  37  3:25  Probe  
  38  3:30  Shield Battery  
  38  3:35  Robotics Facility  
  38  3:37  Probe  
  39  3:49  Probe (Chrono Boost)  
  39  3:54  Adept x2  
  44  4:01  Probe (Chrono Boost)  
  45  4:08  Probe (Chrono Boost)  
  47  4:11  Probe (Chrono Boost)  
  47  4:12  Twilight Council  
  47  4:16  Probe (Chrono Boost)  
  49  4:19  Probe (Chrono Boost)  
  49  4:21  Probe (Chrono Boost)  
  50  4:27  Observer, Probe  
  50  4:28  Forge  
  52  4:31  Probe  
  53  4:40  Probe  
  53  4:41  Charge  
  53  4:43  Probe, Stalker x2  
  55  4:52  Probe  
  56  4:56  Probe  
  56  4:57  Pylon  
  56  4:59  Immortal (Chrono Boost)  
  57  5:05  Probe  
  62  5:09  Assimilator  
  62  5:12  Pylon  
  62  5:15  Probe  
  62  5:16  Protoss Ground Weapons Level 1 (Chrono Boost)  
  62  5:17  Probe  
  62  5:18  Assimilator  
  64  5:31  Gateway  
  64  5:34  Gateway  
  64  5:41  Immortal (Chrono Boost)  
  67  5:52  Pylon  
  67  5:55  Zealot  
  69  5:58  Pylon x2  
  69  6:05  Gateway  
  69  6:10  Gateway  
  67  6:16  Probe  
  67  6:17  Zealot x2  
  70  6:22  Gateway  
  70  6:23  Gateway  
  68  6:28  Probe x2 (Chrono Boost)  
  69  6:36  Templar Archives  
  71  6:40  Probe x2 (Chrono Boost)  
  71  6:43  Zealot  
  73  6:47  Probe x2 (Chrono Boost)  
  73  6:52  Gateway  
  75  6:54  Probe  
  75  6:56  Probe  
  75  6:57  Pylon  
  77  7:06  Zealot x2  
  81  7:18  High Templar  
  81  7:19  High Templar x3  
  87  7:24  Archon x2  
  87  7:30  Zealot x4  
  89  7:47  High Templar x2  
  89  7:50  Zealot x4  
  101  7:51  Archon  
  99  7:59  Zealot  
  99  8:01  Pylon  
  99  8:03  Pylon  
  91  8:14  Zealot x2  
  91  8:15  Zealot x3  
  91  8:20  High Templar x2  
  91  8:24  Archon  
  91  8:25  Zealot x2  
  99  8:36  Zealot x2  
  99  8:37  Zealot  
Show
View Real Time Build Order
Export as new Build Order

Neeb Protoss - Winner!

Build Orders: Phoenix Opening, Zealot Archon 

Get SALT Encoding   

  12  0:00  Probe  
  13  0:12  Probe  
  14  0:17  Pylon  
  14  0:24  Probe (Chrono Boost)  
  15  0:36  Gateway, Probe (Chrono Boost)  
  16  0:44  Probe (Chrono Boost)  
  16  0:47  Assimilator  
  17  0:51  Probe  
  17  0:54  Assimilator  
  18  1:03  Probe (Chrono Boost)  
  19  1:06  Gateway  
  19  1:13  Probe (Chrono Boost)  
  19  1:18  Probe (Chrono Boost)  
  20  1:23  Cybernetics Core  
  21  1:29  Probe  
  22  1:34  Pylon  
  22  1:41  Probe  
  23  1:53  Probe  
  24  2:00  Stalker x2  
  24  2:01  Warp Gate (Chrono Boost)  
  28  2:08  Pylon  
  28  2:14  Probe  
  29  2:29  Pylon  
  29  2:30  Sentry x2  
  33  2:45  Nexus  
  33  2:51  Probe  
  34  2:54  Pylon  
  34  2:57  Sentry  
  36  3:03  Phoenix, Stalker  
  38  3:11  Probe  
  38  3:12  Shield Battery  
  39  3:23  Probe  
  40  3:35  Probe (Chrono Boost)  
  41  3:45  Twilight Council  
  41  3:47  Probe (Chrono Boost)  
  42  3:52  Stalker  
  42  3:53  Stalker  
  42  3:55  Probe (Chrono Boost)  
  47  3:57  Probe (Chrono Boost)  
  49  4:07  Probe x2 (Chrono Boost)  
  50  4:12  Probe (Chrono Boost), Blink (Chrono Boost)  
  50  4:13  Probe  
  52  4:23  Probe  
  53  4:25  Probe  
  53  4:27  Stalker x2  
  53  4:31  Pylon  
  58  4:35  Probe  
  58  4:38  Probe  
  59  4:47  Probe  
  59  4:50  Stalker x2  
  59  4:52  Pylon  
  64  4:58  Nexus  
  64  5:03  Probe x2  
  66  5:07  Assimilator  
  66  5:11  Robotics Facility  
  66  5:15  Probe  
  66  5:17  Probe  
  66  5:20  Stalker x2  
  72  5:27  Probe  
  72  5:28  Pylon  
  73  5:29  Probe  
  74  5:39  Probe  
  74  5:41  Probe  
  76  5:44  Forge, Gateway  
  76  5:46  Gateway  
  76  5:51  Probe  
  76  5:53  Probe  
  78  5:58  Observer  
  78  6:00  Pylon  
  78  6:03  Probe  
  80  6:05  Probe  
  81  6:13  Protoss Ground Weapons Level 1 (Chrono Boost), Probe  
  81  6:15  Probe  
  81  6:17  Charge, Probe  
  84  6:19  Pylon  
  84  6:22  Immortal  
  86  6:34  Gateway  
  86  6:36  Gateway  
  86  6:40  Gateway  
  86  6:41  Gateway  
  86  6:48  Zealot x2  
  86  6:51  Shield Battery, Probe  
  86  6:52  Probe, Pylon  
  96  7:01  Immortal  
  96  7:02  Templar Archives  
  96  7:04  Pylon  
  96  7:05  Zealot  
  98  7:09  Zealot x3  
  104  7:24  Pylon x2  
  104  7:25  Pylon  
  104  7:27  Photon Cannon  
  104  7:30  Pylon  
  104  7:34  Zealot x4  
  112  7:38  High Templar  
  112  7:39  High Templar  
  112  7:42  Zealot x2  
  112  7:43  Archon  
  120  7:48  Immortal  
  124  7:57  Zealot x4  
  132  8:01  Shield Battery  
  132  8:04  Shield Battery  
  132  8:12  Zealot x4  
  127  8:20  Zealot, High Templar  
  127  8:21  Zealot, High Templar  
  127  8:23  Pylon  
  127  8:24  Pylon  
  127  8:25  Pylon  
  127  8:26  Archon, Assimilator x2, Pylon  
  135  8:33  Zealot x4  
  143  8:45  Zealot x2  
  136  8:53  Zealot x6  
Tags
 
Add a new tag
Caveats
  • Supply blocks, unpowered buildings, or Contaminate may cause inaccurate times.
  • Supply counts are checked every 10 seconds.